 Dungeon Crawl Stone Soup version 0.31.0-1-g2c135a008e (webtiles) character file.

Game seed: 5437030758133115968

56 qw the Shooter (level 4, -1/34 HPs)
             Began as a Djinni Hunter on Jan 23, 2024.
             Slain by Terence
             ... wielding a +0 flail
              (3 damage)
             ... on level 3 of the Dungeon.
             The game lasted 00:00:05 (1461 turns).

qw the Shooter (Djinni Hunter)                      Turns: 1461, Time: 00:00:06

Health: -1/34      AC:  7    Str: 10    XL:     4   Next: 15%
Gold:   96         EV: 11    Int: 11    God:
                   SH:  0    Dex: 18

rFire   + + .        a - +0 shortbow
rCold   x . .        (shield currently unavailable)
rNeg    . . .        d - +0 ring mail
rPois   inf          (no helmet)
rElec   .            h - +1 cloak
rCorr   .            (no gloves)
SInv    .            (boots unavailable)
Will    .....        (no amulet)
Stlth   +            (no ring)
HPRegen 0.25/turn    (no ring)
MPRegen 0.00/turn

%: infuse magic (-2 HP)
@: flying
A: sickness immunity, fire resistance 2, cold vulnerability 1, float, innate
caster, HP casting, extra vitality 1
a: no special abilities


You were on level 3 of the Dungeon.
You visited 1 branch of the dungeon, and saw 3 of its levels.

You collected 96 gold pieces.


Innate Abilities, Weirdness & Mutations

You are immune to sickness and miasma.
You are immune to poison.
Your flesh is very heat resistant. (rF++)
You are vulnerable to cold. (rC-)
You float through the air rather than walking.
You learn spells naturally, not from books.
Your magical power is your life essence.
You have superior vitality. (+4 MHP)


   Skills:
 - Level 2.9 Fighting
 - Level 4.0 Ranged Weapons
 + Level 0.8 Armour
 - Level 2.1 Dodging
 - Level 0.7 Stealth


You knew the following spells:

 Your Spells              Type           Power      Damage    Failure   Level
a - Summon Small Mammal   Summ           0%         N/A       67%         1
Your spell library was empty.

Inventory:

Hand Weapons
 a - a +0 shortbow (weapon)
Armour
 d - a +0 ring mail (worn)
 h - a +1 cloak (worn)
Scrolls
 c - a scroll of teleportation {unknown}
 e - a scroll of revelation {unknown}
Potions
 b - a potion of curing {unknown}
 i - a potion of enlightenment
 j - a potion of mutation {unknown}

Dungeon Overview and Level Annotations

Branches:
Dungeon (3/15)

Altars:

Annotations:
D:3 Terence


Message History

Terence misses you. Terence hits you but does no damage.
You shoot an arrow. The arrow hits Terence.
Terence is almost dead.
Terence hits you with a +0 flail.
You shoot an arrow.
The arrow hits Terence but does no damage.
Terence is almost dead.
Terence hits you but does no damage.
You shoot an arrow. The arrow closely misses Terence.
The arrow hits the hobgoblin!
You kill the hobgoblin!
Terence completely misses you. x2
You shoot an arrow.
The arrow hits Terence but does no damage.
Terence is almost dead.
Terence barely misses you.
You shoot an arrow.
The arrow hits Terence but does no damage.
Terence is almost dead.
Terence shouts, "DIE!!!"
Terence hits you but does no damage.
You shoot an arrow. The arrow barely misses Terence.
Terence barely misses you. Terence hits you with a +0 flail.
You shoot an arrow.
The arrow hits Terence but does no damage.
Terence is almost dead.
Terence misses you.
You shoot an arrow. The arrow barely misses Terence.
Terence closely misses you. Terence hits you with a +0 flail.
You shoot an arrow. The arrow hits Terence.
Terence is almost dead.
Terence hits you with a +0 flail.
You shoot an arrow.
The arrow hits Terence but does no damage.
Terence is almost dead.
Terence barely misses you.
You shoot an arrow. The arrow barely misses Terence.
Terence barely misses you. Terence hits you with a +0 flail.
You die...
Terence says, "That felt goooood."

#######....#.#####
#######.####.#
#.....#.####.#
#.##.##......+
#.##.##......#
######.##.##.######.
#........)..........
#...................
#.....@......######.
######@####..# #%#
#..# #.# #..# ..#
#.>. ..# #.... ..#
....


You could see Terence.

Vanquished Creatures
  An adder (D:2)
  2 bats (D:1)
  5 endoplasms
  2 giant cockroaches (D:1)
  8 goblins
  2 hobgoblins
  5 jackals
  2 quokkas (D:1)
  6 ball pythons
  A frilled lizard (D:1)
  2 kobolds
  2 rats (D:1)
38 creatures vanquished.

Notes
Turn   | Place    | Note
-------+----------+-------------------------------------------
     0 | D:1      | qw the Djinni Hunter began the quest for the Orb.
     0 | D:1      | Reached XP level 1. HP: 18/18 MP: 0/0
     0 | D:1      | 0 ||| qw: Version: 0.3-a-136-gdd3b4e8
     0 | D:1      | 0 ||| qw: Game counter: 1155
     0 | D:1      | 0 ||| qw: Melee chars always use a shield: true
     0 | D:1      | 0 ||| qw: God list: Okawaru
     0 | D:1      | 0 ||| qw: Allow faded altars: false
     0 | D:1      | 0 ||| qw: Do Orc after clearing Dungeon:15 true
     0 | D:1      | 0 ||| qw: Do second Lair branch before Depths: true
     0 | D:1      | 0 ||| qw: Lair rune preference: random
     0 | D:1      | 0 ||| qw: Goals: Normal
     0 | D:1      | 0 ||| PLANNING D:1-11
    72 | D:1      | Reached XP level 2. HP: 23/23 MP: 0/0
   292 | D:1      | Reached skill level 4 in Ranged Weapons
   292 | D:1      | Reached XP level 3. HP: 28/28 MP: 0/0
   292 | D:1      | Learned a level 1 spell: Summon Small Mammal
   647 | D:1      | 647 ||| UPGRADING to +0 cloak.
   652 | D:1      | 652 ||| READING scroll labelled PUAMIZX QAMIEZ.
   652 | D:1      | 652 ||| ENCHANTING +0 cloak.
   653 | D:1      | 653 ||| READING scroll labelled MYUJEZ GEIF.
   654 | D:1      | 654 ||| READING 2 scrolls labelled PEBATI NUOGIUGI.
   655 | D:1      | 655 ||| READING scroll labelled JIZATZ ZUWOE.
   655 | D:1      | 655 ||| IDENTIFYING fizzy grey potion
   656 | D:1      | 656 ||| DROPPING scroll of butterflies.
   657 | D:1      | 657 ||| DROPPING scroll of fear.
  1093 | D:2      | Found a faded altar of an unknown god.
  1307 | D:2      | 1307 ||| UPGRADING to +0 ring mail.
  1317 | D:2      | 1317 ||| DROPPING +0 leather armour.
  1318 | D:2      | 1318 ||| READING scroll labelled ICI PISAQERIRUOLL.
  1354 | D:3      | Reached XP level 4. HP: 32/34 MP: 0/0
  1440 | D:3      | Noticed Terence
  1451 | D:3      | HP: 8/34 [Terence/+0 flail (4)]
  1456 | D:3      | HP: 5/34 [Terence/+0 flail (5)]
  1459 | D:3      | HP: 1/34 [Terence/+0 flail (2)]
  1461 | D:3      | Slain by Terence

Levels and vault maps discovered:
D:1:      matt_arrival_refuge, layout_basic, supply_closet_lemuel
D:2:      layout_loops_cross, dreamdust_ecumenical_altar_angels_and_demons
D:3:      layout_basic, general_overflow_altar, nicolae_the_louvre,
          uniq_jessica, uniq_terence

Skill      XL: |  1  2 |
---------------+-------+-----
Ranged Weapons | 4 |  4.0
Fighting       | |  2.9
Armour         | |  0.8
Dodging        | |  2.1
Stealth        | |  0.7

Action                     |  1- 3 |  4- 6 || total
---------------------------+-------+-------++-------
   Fire: Shortbow          |    98 |    36 ||   134
    Use: Scroll            |     5 |       ||     5
 Armour: Leather armour    |    14 |       ||    14
         Ring mail         |     2 |    18 ||    20
  Dodge: Dodged            |    15 |    24 ||    39

Table legend:
 A = Non-vault XP
 B = Vault XP
 C = Vault XP percentage of total XP
 D = Non-vault monster count
 E = Vault monster count
 F = Vault count percentage of total count
                 A         B        C        D         E       F
            +---------+---------+-------+---------+---------+-------
      Total |      80 |       0 |   0.0 |      38 |       0 |   0.0
            +---------+---------+-------+---------+---------+-------
        D:1 |      43 |       0 |   0.0 |      24 |       0 |   0.0
        D:2 |      25 |       0 |   0.0 |       8 |       0 |   0.0
        D:3 |      12 |       0 |   0.0 |       6 |       0 |   0.0
            +---------+---------+-------+---------+---------+-------
